Map: Heavy Artillery LE

Players

Raihn - Winner!

  • Race: Terran Terran
  • League: Gold
  • Spawn Location: 7:00

Tbone - Winner!

  • Race: Zerg Zerg
  • League: Diamond
  • Spawn Location: 7:00

Massa

  • Race: Terran Terran
  • League: Gold
  • Spawn Location: 3:00

qqq

  • Race: Zerg Zerg
  • League: Platinum
  • Spawn Location: 1:00

VOD

Have the link to the VOD?

Description

Time

  • Played on: May 31, 2020, 3:36 p.m.
  • Length: 20:22
Show
View Real Time Build Order
Export as new Build Order

Raihn Terran - Winner!

Build Orders:  

Get SALT Encoding   

  13  0:12  SCV  
  13  0:16  Supply Depot  
  13  0:24  SCV  
  14  0:31  Refinery  
  14  0:43  Barracks  
  14  0:44  SCV  
  15  0:57  SCV  
  16  1:04  Supply Depot  
  16  1:10  SCV  
  18  1:29  Orbital Command  
  18  1:32  Marine  
  18  1:51  Marine  
  19  2:09  Command Center  
  19  2:17  SCV, Marine  
  21  2:30  Factory  
  21  2:53  Engineering Bay  
  21  3:02  SCV  
  21  3:10  Refinery  
  21  3:12  Engineering Bay  
  21  3:15  Supply Depot  
  21  3:19  Barracks Tech Lab  
  21  3:20  Factory Tech Lab  
  21  3:27  Barracks Reactor  
  21  3:29  SCV  
  21  3:33  Orbital Command  
  22  3:41  SCV  
  22  3:42  Siege Tank  
  22  3:43  Starport  
  26  3:53  SCV  
  27  4:00  SCV  
  28  4:05  SCV  
  28  4:06  Marine  
  28  4:07  Marine  
  31  4:16  Barracks  
  31  4:18  SCV  
  31  4:19  SCV, Barracks  
  33  4:24  Viking  
  33  4:27  Marine  
  33  4:30  SCV  
  37  4:31  SCV  
  37  4:33  Marine  
  39  4:45  Barracks  
  39  5:00  SCV x2  
  39  5:06  Barracks Tech Lab  
  41  5:09  Barracks Reactor  
  41  5:12  SCV x2  
  43  5:14  Supply Depot  
  43  5:16  Starport Reactor  
  43  5:17  Siege Tank  
  43  5:18  Marine x2  
  48  5:24  SCV  
  48  5:26  Terran Infantry Weapons Level 1  
  49  5:32  Missile Turret  
  49  5:34  Marine  
  50  5:35  Marine  
  51  5:51  SCV  
  51  5:55  Viking x2  
  51  5:57  Marine x3, Stimpack  
  59  6:05  Marine  
  59  6:07  Supply Depot  
  60  6:14  Refinery, SCV  
  60  6:16  Refinery  
  61  6:24  Sensor Tower  
  61  6:34  SCV  
  61  6:37  Barracks Reactor  
  61  6:38  Siege Tank  
  65  6:43  Supply Depot  
  65  7:08  Marine x2, Command Center  
  65  7:10  Marine x3  
  70  7:18  Missile Turret x2  
  70  7:26  SCV x2, Marine  
  73  7:32  Sensor Tower, Missile Turret  
  72  7:39  Viking x2  
  75  7:49  Missile Turret  
  75  7:50  Missile Turret  
  75  7:51  Starport  
  75  7:54  Missile Turret  
  75  7:55  Missile Turret  
  73  8:30  Starport, Starport Reactor  
  73  8:33  Supply Depot  
  73  8:37  SCV x2  
  73  8:38  Starport  
  73  8:40  Hi-Sec Auto Tracking  
  73  8:49  SCV  
  73  8:53  SCV  
  75  9:01  SCV  
  76  9:05  SCV  
  77  9:23  Viking  
  77  9:24  Viking x3  
  85  9:32  Viking  
  85  9:34  Viking  
  85  9:35  Supply Depot  
  80  9:44  Command Center  
  79  9:48  Marine x5  
  81  9:53  Viking  
  81  9:54  Viking  
  81  9:57  Command Center, Viking  
  81  9:58  Viking  
  89  10:02  Viking  
  88  10:12  Viking  
  90  10:23  Viking  
  90  10:25  Viking  
  90  10:27  Viking  
  96  10:31  SCV x2  
  98  10:40  Supply Depot  
  98  10:42  Starport Reactor  
  98  10:43  SCV  
  98  10:48  Starport Reactor  
  99  10:51  SCV, Armory  
  99  10:55  SCV  
  101  11:06  Viking x2  
  105  11:14  Orbital Command  
  105  11:31  Planetary Fortress  
  102  11:35  Neosteel Armor  
  102  11:45  Viking  
  104  11:48  SCV x3  
  106  12:15  Viking x3  
  105  12:16  Viking  
  111  12:31  Refinery, SCV x2  
  111  12:32  SCV  
  111  12:33  Refinery, Viking x2  
  118  12:51  Marine x3, Viking  
  120  12:52  Marauder, Marine  
  124  13:08  Viking x2  
  126  13:13  Marauder  
  126  13:15  Terran Infantry Armor Level 1, Command Center  
  124  13:24  Command Center  
  108  13:40  Viking x4  
  108  13:54  Medivac  
  110  14:08  SCV x2  
  73  14:49  Marine x4  
  75  14:53  Marine x2  
  75  14:54  Marine  
  75  14:55  Viking x2, Medivac x4  
  75  14:56  Medivac  
  75  14:57  Siege Tank  
  75  14:59  SCV x3  
  98  15:06  Marine  
  98  15:07  Marine x2  
  99  15:11  SCV  
  102  15:32  Marine  
  102  15:33  Viking x2  
  102  15:34  Viking x2  
  111  15:37  Planetary Fortress  
  111  15:41  SCV x3  
  114  15:45  Command Center  
  112  15:53  SCV  
  109  16:03  Viking x4  
  109  16:04  Marine x2, Viking x2  
  117  16:05  Marauder  
  117  16:16  Marine  
  117  16:17  Marine x2  
  113  16:26  Marauder  
  110  16:37  SCV  
  110  16:39  SCV x2  
  110  16:48  Marauder  
  110  16:49  SCV  
  110  16:53  Terran Infantry Weapons Level 2  
  110  16:54  Refinery  
  113  16:55  Refinery  
  113  16:57  Engineering Bay  
  113  17:00  Armory  
  112  17:01  SCV  
  112  17:13  SCV  
  112  17:14  SCV x2  
  115  17:16  Orbital Command  
  111  17:28  SCV x4  
  118  17:37  Marine x4, Siege Tank  
  118  17:38  Marauder  
  118  17:42  Combat Shield  
  122  18:01  SCV  
  122  18:02  Command Center  
  123  18:09  Widow Mine  
  119  18:36  Viking x4  
  119  18:37  Viking x4  
  119  18:38  Marine x2  
  137  18:58  Marine x4  
  137  18:59  Marauder  
  124  19:20  Marauder  
  122  19:24  Planetary Fortress  
  122  19:34  SCV x5  
  122  19:35  Marine x4  
  131  19:41  Marauder  
  124  19:46  SCV  
  102  19:52  SCV  
  102  19:53  SCV x2  
  102  19:59  Marine x3  
  94  20:00  Marine  
Show
View Real Time Build Order
Export as new Build Order

Tbone Zerg - Winner!

Build Orders: Hatch First 

Get SALT Encoding   

  12  0:02  Drone  
  13  0:15  Overlord  
  13  0:16  Drone  
  14  0:34  Drone  
  14  0:35  Drone  
  16  0:39  Drone  
  17  0:52  Drone  
  18  0:57  Hatchery  
  18  1:01  Drone  
  18  1:08  Extractor  
  17  1:19  Drone  
  17  1:22  Spawning Pool  
  17  1:29  Drone  
  18  1:34  Drone  
  19  1:42  Drone  
  20  2:06  Overlord  
  20  2:10  Zergling x4  
  20  2:11  Queen x2  
  26  2:23  Metabolic Boost, Overlord  
  26  2:41  Hatchery  
  26  2:44  Drone x2  
  27  2:56  Drone x2  
  27  2:57  Drone x2  
  31  3:06  Drone  
  31  3:08  Overlord  
  31  3:09  Drone  
  33  3:19  Drone x2  
  35  3:30  Drone x2  
  37  3:46  Drone x4  
  41  3:53  Roach Warren  
  41  3:54  Drone x3  
  43  4:05  Drone  
  43  4:06  Drone x2, Extractor  
  45  4:17  Drone x2  
  45  4:19  Drone  
  45  4:22  Queen  
  50  4:31  Overlord x3  
  50  4:32  Overlord x2  
  50  4:35  Overlord x2  
  50  4:49  Queen x2  
  50  4:51  Drone x2  
  50  4:52  Drone  
  57  4:53  Drone x4  
  61  5:00  Drone  
  61  5:01  Drone x6  
  68  5:17  Extractor  
  68  5:18  Extractor  
  68  5:19  Extractor  
  65  5:23  Extractor  
  65  5:24  Drone x3  
  65  5:26  Drone x3  
  65  5:27  Drone x3  
  65  5:28  Overlord x3  
  73  5:35  Baneling Nest  
  72  5:40  Drone x3  
  75  5:47  Lair  
  75  5:49  Drone x3  
  78  6:11  Hatchery, Roach  
  77  6:12  Roach x8  
  95  6:30  Zergling x2  
  95  6:31  Zergling x18  
  105  6:43  Spore Crawler  
  105  6:44  Spore Crawler  
  102  6:50  Spore Crawler  
  102  6:53  Drone  
  102  6:54  Drone x2  
  104  6:55  Hydralisk Den  
  104  7:00  Baneling x8  
  103  7:01  Baneling  
  103  7:09  Drone x3  
  103  7:10  Drone x12  
  118  7:23  Hydralisk x4  
  118  7:27  Overlord  
  126  7:36  Spore Crawler  
  125  7:37  Spore Crawler  
  125  7:38  Spore Crawler  
  125  7:43  Hydralisk x4  
  125  7:51  Hydralisk x5  
  117  8:07  Spire  
  117  8:08  Queen  
  117  8:11  Hydralisk  
  117  8:12  Hydralisk x8  
  130  8:21  Hydralisk  
  130  8:22  Hydralisk  
  134  8:32  Muscular Augments  
  134  8:34  Hydralisk x2  
  131  8:35  Drone x2  
  134  8:46  Queen x2  
  135  8:50  Overlord x10  
  135  9:07  Queen  
  137  9:12  Drone x10  
  137  9:16  Spore Crawler  
  146  9:19  Spore Crawler  
  146  9:23  Corruptor x4  
  147  9:35  Corruptor x7  
  159  9:44  Grooved Spines  
  159  9:46  Hydralisk x4  
  151  10:18  Corruptor x4  
  151  10:19  Corruptor x4  
  135  10:30  Extractor  
  135  10:31  Extractor  
  135  10:33  Drone x9  
  142  10:38  Hatchery  
  141  10:45  Zerg Flyer Weapons Level 1  
  141  11:01  Corruptor x5  
  147  11:23  Corruptor x4  
  149  11:35  Hatchery  
  149  11:39  Queen  
  150  11:52  Zergling x24  
  162  12:11  Zergling x12  
  162  12:12  Zergling x2  
  167  12:19  Drone x6  
  171  12:31  Drone x5  
  171  12:32  Drone  
  177  12:48  Zergling x8  
  177  12:49  Zergling x14  
  184  13:03  Zergling x16  
  174  13:16  Zergling x14  
  174  13:17  Zergling x2  
  155  13:35  Corruptor x12  
  167  13:43  Zergling x12  
  167  13:44  Infestation Pit  
  164  13:54  Drone x5  
  169  13:56  Extractor  
  169  13:58  Extractor, Spore Crawler  
  169  14:00  Spore Crawler  
  165  14:19  Zergling x20  
  165  14:20  Zergling x14  
  182  14:25  Corruptor x2  
  182  14:27  Evolution Chamber x2  
  168  14:40  Zergling x2  
  168  14:41  Zergling x20  
  173  14:57  Drone x3  
  173  14:58  Drone x3  
  154  15:27  Zergling x42  
  154  15:28  Zergling x2  
  168  15:31  Hive  
  157  15:49  Zergling x10  
  162  15:50  Zergling x12  
  154  16:00  Zergling x2  
  154  16:01  Zergling x16  
  150  16:07  Roach  
  148  16:13  Zergling x10  
  147  16:21  Zergling x2  
  147  16:22  Zergling x10  
  146  16:27  Hatchery  
  139  16:39  Hydralisk  
  137  16:40  Hydralisk x8  
  152  16:52  Hydralisk x7  
  166  17:02  Drone  
  166  17:03  Drone x7  
  170  17:08  Zergling x2  
  170  17:09  Zergling x2  
  167  17:19  Zergling x14  
  171  17:25  Hydralisk x2  
  171  17:26  Hydralisk  
  174  17:32  Roach x6  
  185  17:42  Drone x5  
  187  17:45  Extractor x2  
  182  17:53  Hydralisk x7  
  193  18:02  Zerg Melee Weapons Level 1, Zerg Ground Armor Level 1  
  191  18:08  Hydralisk  
  191  18:09  Hydralisk x4  
  197  18:53  Greater Spire  
  197  19:14  Hatchery  
  188  19:32  Hydralisk  
  188  19:33  Hydralisk x6  
  200  20:03  Zergling x4  
Show
View Real Time Build Order
Export as new Build Order

Massa Terran 

Build Orders:  

Get SALT Encoding   

  12  0:12  Supply Depot  
  12  0:14  SCV  
  13  0:27  SCV  
  14  0:35  Barracks  
  14  0:39  SCV  
  15  0:51  SCV  
  15  0:53  Refinery  
  16  1:04  SCV  
  17  1:05  Refinery  
  17  1:16  SCV  
  18  1:25  Marine  
  18  1:26  Supply Depot  
  18  1:29  SCV  
  20  1:43  Marine  
  21  1:48  SCV  
  22  2:00  SCV  
  22  2:12  SCV, Factory, Marine  
  24  2:24  SCV  
  25  2:30  Marine  
  25  2:36  SCV  
  27  2:48  SCV  
  28  2:58  Marine  
  28  3:02  SCV  
  30  3:14  Bunker  
  30  3:15  Factory Tech Lab  
  31  3:21  Starport  
  31  3:24  Orbital Command  
  30  3:28  Starport  
  30  3:41  Supply Depot  
  30  3:50  Command Center  
  30  3:52  Supply Depot  
  30  4:02  Siege Tank  
  33  4:10  Supply Depot  
  33  4:11  SCV  
  33  4:15  Starport Tech Lab, Starport Reactor  
  34  4:23  SCV  
  35  4:26  Fusion Core  
  35  4:36  SCV  
  36  4:48  SCV  
  36  4:52  Engineering Bay  
  37  5:00  SCV  
  37  5:05  Medivac x2  
  42  5:12  SCV  
  43  5:16  Refinery  
  43  5:17  SCV  
  43  5:19  Refinery, Armory  
  44  5:24  SCV  
  45  5:35  Missile Turret  
  45  5:36  SCV  
  45  5:42  Battlecruiser  
  52  5:49  Orbital Command  
  52  5:50  SCV  
  53  6:02  SCV  
  54  6:06  Marine  
  55  6:14  SCV  
  56  6:24  Marine  
  57  6:26  SCV  
  58  6:32  Starport Tech Lab  
  58  6:42  Marine  
  58  6:43  Weapon Refit  
  59  6:53  Battlecruiser  
  65  6:58  Supply Depot  
  65  7:02  Supply Depot  
  65  7:05  Supply Depot  
  65  7:19  Battlecruiser  
  71  7:24  SCV  
  71  7:29  Supply Depot  
  72  7:30  Command Center  
  72  7:32  Supply Depot  
  72  7:36  SCV  
  73  7:48  SCV  
  74  8:00  SCV  
  74  8:02  Battlecruiser  
  81  8:24  Battlecruiser  
  87  8:31  Terran Ship Weapons Level 1  
  87  8:40  Armory  
  85  9:02  Orbital Command  
  85  9:05  SCV x2  
  85  9:06  Battlecruiser  
  94  9:17  SCV x2  
  95  9:28  Battlecruiser  
  95  9:29  SCV x2  
  95  9:41  SCV x2  
  97  9:53  SCV x2  
  99  10:18  Battlecruiser  
  105  10:29  Command Center  
  105  10:32  Battlecruiser  
  111  10:42  Barracks x2  
  111  11:07  Marine  
  112  11:25  Marine  
  106  11:31  Factory  
  106  11:32  Factory  
  95  11:36  Thor  
  95  11:39  Barracks Reactor x2  
  101  11:43  Marine  
  102  12:01  Marine  
  97  12:19  Marine, Thor  
  104  12:26  Factory Tech Lab x2  
  92  12:30  Marine x4  
  92  12:36  SCV, Marine  
  97  12:48  SCV, Marine x4  
  102  12:54  Marine  
  99  13:00  SCV  
  99  13:02  Thor  
  99  13:03  Thor x2  
  95  13:05  Marine  
  95  13:06  Marine x3  
  95  13:12  SCV, Marine  
  87  13:23  Barracks, Marine  
  87  13:24  SCV, Marine x3  
  92  13:30  Marine  
  92  13:35  Barracks  
  92  13:36  SCV  
  93  13:41  Marine x4  
  93  13:44  Thor  
  93  13:46  Thor  
  93  13:48  SCV x3, Marine  
  113  13:59  Marine x4  
  113  14:00  SCV x3  
  120  14:06  Marine  
  118  14:10  Barracks  
  118  14:11  Command Center  
  118  14:12  SCV x3  
  118  14:17  Marine  
  113  14:24  SCV x3  
  116  14:35  Widow Mine  
  116  14:36  Widow Mine, SCV  
  116  14:37  Thor  
  124  14:45  Terran Vehicle Weapons Level 1  
  94  14:56  Thor  
  94  14:57  Thor  
  106  15:00  Barracks  
  105  15:15  Barracks Reactor  
  105  15:16  Marine x2  
  105  15:17  Marine x4  
  105  15:20  Refinery, Thor  
  96  15:27  Refinery  
  95  15:34  Marine x2  
  95  15:35  Marine x4  
  91  15:39  Thor  
  91  15:40  Command Center  
  92  15:49  Barracks  
  89  15:51  Thor  
  89  15:52  Marine x2  
  89  15:53  Marine x4  
  89  16:03  Thor  
  83  16:09  Marine  
  83  16:10  Marine x2  
  83  16:11  Marine x2  
  89  16:20  Barracks Tech Lab  
  89  16:22  Thor  
  89  16:24  Marine x2  
  94  16:27  Marine x2  
  94  16:28  Marine  
  94  16:29  Marine x2  
  98  16:34  Thor  
  104  16:42  Marine x2  
  104  16:45  Marine x2  
  104  16:46  Marine  
  106  16:53  Stimpack  
  93  17:29  Command Center  
  93  17:41  Terran Infantry Armor Level 1  
  93  18:01  Refinery x2, Marauder, Marine  
  96  18:23  Marauder  
  49  18:35  Marine  
  50  18:44  Marauder  
  47  18:55  Bunker  
  44  19:06  Marauder  
  37  19:27  Marauder  
  37  19:29  Orbital Command, Marine x2  
  37  19:30  Marine x5  
  46  19:33  Thor  
  52  19:44  Siege Tank  
  55  19:48  Marauder  
Show
View Real Time Build Order
Export as new Build Order

qqq Zerg 

Build Orders: Hatch First, Brood Lord Corruptor 

Get SALT Encoding   

  12  0:03  Drone  
  13  0:08  Drone  
  14  0:35  Hatchery  
  13  0:50  Spawning Pool  
  12  0:58  Overlord  
  12  1:04  Drone  
  12  1:07  Drone  
  14  1:17  Extractor, Drone  
  14  1:28  Drone  
  15  1:34  Drone  
  16  1:53  Drone  
  17  1:54  Queen  
  19  2:05  Drone  
  20  2:10  Queen  
  20  2:15  Drone  
  23  2:16  Drone x2  
  23  2:19  Drone  
  26  2:35  Drone x2  
  28  2:39  Lair  
  28  2:42  Extractor  
  27  2:44  Overlord  
  27  2:45  Overlord  
  27  2:48  Drone  
  28  3:07  Drone  
  28  3:08  Drone  
  28  3:09  Drone x2  
  31  3:24  Drone x2  
  31  3:25  Hatchery  
  32  3:38  Spire  
  31  3:44  Infestation Pit  
  31  3:46  Drone x2  
  31  3:47  Drone  
  31  3:48  Drone  
  34  3:51  Drone  
  34  3:53  Drone  
  37  4:10  Drone x2  
  37  4:15  Drone  
  39  4:31  Drone x3  
  42  4:33  Extractor  
  42  4:35  Extractor  
  40  4:41  Drone  
  40  4:42  Queen  
  43  4:49  Mutalisk  
  43  4:50  Mutalisk  
  47  4:58  Hive  
  47  5:01  Drone x2  
  47  5:05  Hatchery  
  48  5:11  Mutalisk  
  50  5:18  Hatchery  
  50  5:21  Overlord x4  
  49  5:24  Drone  
  50  5:40  Mutalisk x2  
  54  5:45  Drone  
  54  5:47  Drone x6  
  54  5:48  Drone x3  
  64  5:53  Mutalisk  
  66  5:57  Mutalisk  
  66  6:01  Mutalisk  
  70  6:08  Mutalisk  
  72  6:16  Drone x3  
  72  6:17  Drone x3  
  78  6:23  Drone x2  
  80  6:27  Greater Spire  
  80  6:30  Corruptor  
  82  6:36  Overlord x3  
  82  6:38  Drone x3  
  85  6:41  Spore Crawler  
  85  6:43  Drone x2  
  85  6:44  Drone  
  85  6:45  Corruptor  
  89  7:00  Mutalisk  
  89  7:01  Mutalisk  
  93  7:11  Spore Crawler  
  93  7:12  Spore Crawler  
  93  7:13  Spore Crawler  
  93  7:14  Spore Crawler x2  
  88  7:19  Spore Crawler x2  
  88  7:20  Spore Crawler  
  88  7:21  Drone x2, Spore Crawler  
  88  7:22  Drone x7, Spore Crawler  
  92  7:25  Spore Crawler  
  92  7:27  Mutalisk, Spore Crawler x3  
  90  7:31  Corruptor  
  92  8:02  Corruptor x4  
  92  8:03  Corruptor  
  92  8:05  Drone x4  
  101  8:06  Drone x4  
  102  8:13  Corruptor  
  102  8:15  Drone x2  
  102  8:18  Extractor  
  102  8:19  Extractor  
  104  8:45  Corruptor x3  
  110  8:59  Zerg Flyer Armor Level 1  
  110  9:02  Zergling x6  
  113  9:03  Zergling x4  
  115  9:10  Brood Lord  
  115  9:12  Drone  
  115  9:15  Spine Crawler  
  115  9:16  Spine Crawler  
  116  9:18  Extractor x2  
  116  9:19  Extractor  
  116  9:20  Extractor  
  112  9:30  Brood Lord x2  
  111  9:32  Brood Lord  
  111  9:33  Zergling x4  
  111  9:34  Zergling x8  
  116  9:40  Overlord  
  116  9:41  Overlord x3  
  116  9:42  Overlord x7  
  116  9:43  Overlord  
  113  10:06  Brood Lord x3  
  115  10:13  Corruptor x2  
  118  10:18  Hatchery  
  111  10:24  Brood Lord  
  111  10:26  Zergling x8  
  111  10:27  Drone, Zergling x2  
  111  10:28  Drone x2  
  120  10:31  Drone x2  
  120  10:32  Drone  
  123  10:56  Zerg Flyer Armor Level 2  
  123  10:58  Hatchery  
  112  11:05  Hatchery  
  103  11:17  Hydralisk Den  
  102  11:31  Viper x3  
  111  11:49  Drone x3  
  111  11:50  Hydralisk x5  
  124  11:54  Spore Crawler  
  124  11:55  Spore Crawler  
  124  11:56  Spore Crawler  
  121  12:02  Drone  
  121  12:03  Drone x2  
  124  12:09  Grooved Spines  
  124  12:12  Hydralisk x4  
  124  12:15  Drone x3  
  135  12:22  Hatchery  
  134  12:23  Hydralisk  
  134  12:24  Hydralisk  
  138  12:45  Hydralisk x4  
  138  12:48  Hydralisk  
  138  12:50  Drone x5  
  138  12:51  Drone x4  
  157  13:04  Metabolic Boost  
  150  13:11  Hydralisk x4  
  150  13:12  Evolution Chamber, Zerg Flyer Weapons Level 1  
  157  13:15  Evolution Chamber  
  152  13:20  Muscular Augments  
  130  13:33  Hydralisk  
  130  13:34  Hydralisk x3  
  108  13:41  Corruptor x2  
  108  13:43  Drone x8  
  108  13:44  Drone  
  113  13:49  Spine Crawler  
  113  13:52  Spore Crawler  
  113  13:54  Spore Crawler  
  113  13:55  Spine Crawler  
  109  13:56  Spine Crawler x2  
  109  13:59  Drone x2  
  109  14:00  Drone, Spore Crawler  
  109  14:02  Zergling x6  
  112  14:07  Spore Crawler  
  112  14:09  Spine Crawler  
  110  14:10  Spine Crawler  
  110  14:13  Spore Crawler  
  110  14:15  Corruptor x3  
  114  14:27  Zerg Melee Weapons Level 1  
  114  14:29  Zerg Ground Armor Level 1  
  114  14:31  Hydralisk x2  
  116  14:41  Zergling x4  
  114  14:54  Spine Crawler  
  114  14:56  Drone  
  114  14:57  Drone x5, Spore Crawler  
  114  14:58  Drone x6, Hatchery  
  123  15:02  Mutalisk x4  
  131  15:09  Brood Lord x3  
  135  15:25  Hydralisk x2  
  135  15:26  Hydralisk x3  
  145  15:39  Zergling x2  
  145  15:40  Drone x3, Zergling x4  
  145  15:41  Hydralisk, Zergling x10  
  145  16:01  Hydralisk x3  
  145  16:02  Hydralisk  
  137  16:05  Drone x4  
  137  16:06  Drone x2  
  137  16:10  Zergling x2, Spore Crawler  
  138  16:12  Spore Crawler  
  138  16:16  Zergling x4  
  138  16:17  Zergling x4  
  119  16:19  Adrenal Glands  
  112  16:26  Zerg Melee Weapons Level 2  
  112  16:27  Zerg Ground Armor Level 2  
  112  16:28  Ultralisk Cavern  
  112  16:29  Zergling x4  
  112  16:30  Zergling x6  
  109  16:42  Hydralisk x3  
  109  16:43  Hydralisk x3  
  120  16:50  Hydralisk  
  122  16:58  Drone  
  122  16:59  Drone x5  
  122  17:01  Hydralisk x2  
  126  17:14  Hydralisk x2  
  122  17:30  Ultralisk x2  
  122  17:32  Hydralisk x2  
  122  17:34  Drone x3  
  131  17:41  Anabolic Synthesis  
  131  17:45  Spine Crawler  
  131  17:46  Spore Crawler  
  131  17:47  Spine Crawler x2  
  131  17:48  Drone x5, Spine Crawler  
  131  17:49  Zergling x2  
  131  17:50  Zergling x6  
  125  18:04  Ultralisk  
  118  18:19  Zergling x6, Ultralisk  
  127  18:26  Drone x3  
  130  18:29  Hydralisk  
  128  18:48  Spine Crawler  
  127  18:49  Spine Crawler  
  127  18:52  Ultralisk  
  129  19:24  Ultralisk  
  129  19:25  Hydralisk x4  
  137  19:37  Zergling x4  
  137  19:38  Zergling x2  
Tags
 
Add a new tag
Caveats
  • Supply blocks, unpowered buildings, or Contaminate may cause inaccurate times.
  • Supply counts are checked every 10 seconds.